 Dungeon Crawl Stone Soup version 0.28-a0-1518-gbe868bca14 (webtiles) character file.

Game seed: 18426379172255666583

21338 Shayle the Nimble (level 13, 0/99 HPs)
             Began as a Djinni Warper on Jan 17, 2022.
             Was a Follower of Ashenzari.
             Killed from afar by a catoblepas (4 damage)
             ... with a blast of calcifying dust
             ... on level 4 of the Lair of Beasts.
             The game lasted 00:54:47 (21123 turns).

Shayle the Nimble (Djinni Warper)                  Turns: 21123, Time: 00:54:47

Health: 0/99       AC:  8    Str: 10    XL:     13   Next: 19%
Gold:   867        EV: 10    Int: 30    God:    Ashenzari [*.....] SH:  0 Dex: 18

rFire   + + .      SeeInvis +   t - +11 spear of Xofasofo {speed, rC+ Int+4 Dex+5}
rCold   + . .      Faith    .   (no shield)
rNeg    . . .      Spirit   .   o - +1 leather armour "Overhang to Understand" {rC+, Self, Cun} (curse)
rPois   ∞          Reflect  .   u - +0 helmet
rElec   .          Harm     .   b - +0 cloak
rCorr   .          Rampage  .   h - +1 pair of gloves
Will    +....                   (boots unavailable)
Stlth   +++.......              (no amulet)
HPRegen 0.26/turn               r - +6 ring of intelligence
MPRegen 0.00/turn               m - ring of Ouranomancy {SInv, Fort, Evo} (curse)

@: about to teleport, petrifying (expiring), flying, very slow
A: sickness immunity, fire resistance 2, cold vulnerability 1, float, innate
caster, hp casting, extra vitality 1, sense surroundings 1
a: Renounce Religion, Curse Item, Shatter the Chains


You were on level 4 of the Lair of Beasts.
You worshipped Ashenzari.
Ashenzari was aware of your devotion.
You visited 3 branches of the dungeon, and saw 14 of its levels.
You also visited: Ossuary.

You collected 867 gold pieces.

Inventory:

Hand Weapons
 g - a +1 dagger of distortion
 n - a +4 halberd of freezing
 t - the +11 spear of Xofasofo (weapon) {speed, rC+ Int+4 Dex+5}
   (You found it on level 3 of the Dungeon)

   Attacks with this weapon are significantly faster.
   Int:       It affects your intelligence (+4).
   Dex:       It affects your dexterity (+5).
   rC:        It protects you from cold.
 w - a +4 hand axe of flaming
 A - a +1 whip of electrocution
 D - a +1 rapier of venom
Missiles
 i - 2 boomerangs (quivered)
 l - 9 poisoned darts
 y - 3 curare-tipped darts
Armour
 b - a +0 cloak (worn)
 h - a +1 pair of gloves (worn)
 k - +0 steam dragon scales
 o - the cursed +1 leather armour "Overhang to Understand" (worn) {rC+, Self, Cun}
   (You found it on level 6 of the Dungeon)

   rC:        It protects you from cold.
   It has a curse which improves the following skills: Introspection: Fighting
   and Spellcasting.
   Cunning:   Dodging and Stealth.
 u - a +0 helmet (worn)
Jewellery
 m - the cursed ring of Ouranomancy (right hand) {SInv, Fort, Evo}
   (You found it on level 2 of the Dungeon)

   [ring of see invisible]

   SInv:      It lets you see invisible.
   It has a curse which improves the following skills: Fortitude: Armour and
   Shields.
   Evocations: Evocations.
 r - a +6 ring of intelligence (left hand)
 H - an amulet of reflection
Wands
 v - a wand of polymorph (7)
 B - a wand of mindburst (3)
 C - a wand of paralysis (3)
 F - a wand of flame (14)
Scrolls
 a - a scroll of enchant weapon
 c - 7 scrolls of identify
 e - a scroll of immolation
 q - a scroll of fog
 z - 2 scrolls of holy word
Potions
 d - 3 potions of curing
 f - 2 potions of brilliance
 p - a potion of lignification
 s - 2 potions of attraction
 x - a potion of haste
 G - a potion of invisibility


   Skills:
 + Level 10.5(11.3) Fighting
 - Level 0.7 Throwing
 - Level 1.0(1.5) Armour
 + Level 11.4(12.2) Dodging
 + Level 3.2(4.0) Stealth
 + Level 10.5 Unarmed Combat
 + Level 8.3(9.2) Spellcasting
 + Level 3.9(4.7) Evocations


You couldn't memorise any spells.
You knew the following spells:

 Your Spells              Type           Power      Damage    Failure   Level
a - Blink                 Tloc           100%       N/A       1%          2
b - Lesser Beckoning      Tloc           62%        N/A       1%          3
c - Gell's Gravitas       Tloc           62%        N/A       1%          3
d - Teleport Other        Tloc           62%        N/A       1%          3
e - Manifold Assault      Tloc           62%        N/A       3%          5
f - Shock                 Conj/Air       100%       1d9       1%          1
g - Static Discharge      Conj/Air       62%        N/A       1%          2
h - Corpse Rot            Necr/Air       100%       N/A       1%          2
i - Olgreb's Toxic Radia  Pois           62%        N/A       1%          4
j - Silence               Hex/Air        31%        N/A       3%          5
k - Yara's Violent Unrav  Hex/Tmut       31%        3d13      3%          5
Your spell library was empty.

Dungeon Overview and Level Annotations

Branches:
Dungeon (9/15)             Temple (1/1) D:7            Lair (4/6) D:8
 Spider (0/4) Lair:3      Ossuary (visited)
  Swamp: Lair:2-4    Shoals: Lair:2-4       Orc: D:9-12

Altars:
Ashenzari
Dithmenos
Elyvilon
Gozag
Hepliaklqana
Makhleb
Okawaru
Ru
Sif Muna
Trog
Uskayaw
Wu Jian
Xom
The Shining One

Annotations:
D:3 3 runed translucent doors, a3don's ghost, amateur KoWz


Innate Abilities, Weirdness & Mutations

You are immune to sickness and miasma.
You are immune to poison.
Your flesh is very heat resistant. (rF++)
You are vulnerable to cold. (rC-)
You float through the air rather than walking.
You learn spells naturally, not from books.
Your magical power is your life essence.
You have superior vitality. (+4 MHP)
You passively map a small area around you.


Message History

Aiming: Corrosive Bolt
Press: ? - help, Shift-Dir - straight line, f - catoblepas
Aim: a catoblepas (calcifying dust, heavily wounded, 100% to hit)
The bolt of acid hits the catoblepas.
The catoblepas is severely wounded.
Unknown command.
Aiming: Corrosive Bolt
Press: ? - help, Shift-Dir - straight line, f/p - catoblepas
Aim: a catoblepas (severely wounded, 100% to hit)
The bolt of acid hits the catoblepas!
The catoblepas is almost dead.
The now-empty wand crumbles to dust.
Unknown command.
You puncture the catoblepas!
You punch the catoblepas, but do no damage.
The catoblepas is almost dead.
The catoblepas misses you.
You hit the catoblepas.
The catoblepas is almost dead.
You hit the catoblepas.
The catoblepas is almost dead.
The catoblepas breathes a plume of calcifying dust at you.
The blast of calcifying dust hits you!
* * * LOW HITPOINT WARNING * * *
You barely miss the catoblepas.
The catoblepas is almost dead.
You are engulfed in calcifying dust.
You are slowing down.
The catoblepas stomps with a crash on the ground.
The catoblepas gores you!!
* * * LOW HITPOINT WARNING * * *
Blink to where?
Press: ? - help, Dir - move target, p - catoblepas
As you read the scroll of blinking, it crumbles to dust.
Your limbs are stiffening.
As you read the scroll of teleportation, it crumbles to dust.
You feel strangely unstable.
The catoblepas breathes a plume of calcifying dust at you.
The blast of calcifying dust hits you.
You die...

......## ##....#.......## .....##
####......Y......# ....####
#...............#.# ......P#
#...............### ......##
#................# ......###
........#####...# ......#.#
*#...§..## ≈ ##..# ........####
#..§...#≈≈≈ ##.# ...........##
##@....# ###
.......PP...####.....# ≈ ≈≈ ≈####
............#.#..#....## ≈≈≈≈≈...
.............##..##.....##* .....
..........#.##.#.⌠ #......*#.....
#..P.......####...........#.##..#
####.......## ⌠.>.⌠ .#. #.##.#.#
##....#..## ..... ##..#..#..#
#........##....# #####.....


There were no monsters in sight!

Vanquished Creatures
  2 boulder beetles (Lair:2)
  2 hydras
  A two-headed ogre (D:7)
  A centaur zombie (D:7)
  A black mamba (Lair:2)
  Maurice (D:8)
  Maggie (D:7)
  4 cane toads
  Psyche (D:9)
  4 komodo dragons
  A polar bear (Lair:4)
  A hornet (D:8)
  5 dream sheep (Lair:3)
  10 blink frogs
  3 wyverns
  A wraith (D:9)
  22 yaks
  Grum (D:8)
  Eustachio (D:4)
  5 basilisks
  16 water moccasins
  3 ogres
  3 sky beasts
  An ice beast (D:8)
  A black bear (D:7)
  7 wolves
  2 necrophages (D:5)
  2 centaurs
  A phantom (D:4)
  An elf zombie (Ossuary)
  A gnoll sergeant (D:7)
  9 bullfrogs
  3 scorpions
  A water moccasin zombie (D:5)
  6 killer bees (D:9)
  11 wights
  An electric eel (D:7)
  A bullfrog zombie (D:5)
  An iron imp (D:8)
  3 centaur skeletons
  3 hounds
  2 orc priests
  A gnoll shaman (D:6)
  3 human zombies (Ossuary)
  6 iguanas
  4 orc wizards
  Natasha (thrice) (D:3)
  2 killer bee zombies
  2 hound skeletons (D:4)
  3 mummies (Ossuary)
  A howler monkey zombie (D:4)
  Robin (D:3)
  11 gnolls
  5 adders
  A shadow imp (D:7)
  3 white imps
  2 ufetubi
  5 adder zombies (Ossuary)
  7 dart slugs
  20 orcs
  5 endoplasms
  3 giant cockroaches (D:2)
  2 gnoll zombies (Ossuary)
  14 goblins
  13 hobgoblins
  2 jackals (D:1)
  5 quokkas
  9 ball pythons
  11 bats
  5 goblin zombies (Ossuary)
  2 hobgoblin zombies (Ossuary)
  5 jackal zombies (Ossuary)
  6 kobolds
  2 kobold zombies (Ossuary)
  3 orc zombies (Ossuary)
  6 quokka zombies (Ossuary)
  5 rats
  A rat zombie (Ossuary)
326 creatures vanquished.

Vanquished Creatures (collateral kills)
  3 yaks (Lair:1)
  A basilisk (Lair:1)
  A bullfrog (Lair:1)
5 creatures vanquished.

Vanquished Creatures (others)
  9 fungi
  15 plants
24 creatures vanquished.

Grand Total: 355 creatures vanquished

Notes
Turn   | Place    | Note
-------+----------+-------------------------------------------
     0 | D:1      | Shayle the Djinni Warper began the quest for the Orb.
     0 | D:1      | Reached XP level 1. HP: 18/18 MP: 0/0
   233 | D:1      | Reached XP level 2. HP: 23/23 MP: 0/0
   695 | D:1      | Found a faded altar of an unknown god.
   729 | D:1      | Reached XP level 3. HP: 28/28 MP: 0/0
   729 | D:1      | Learned a level 1 spell: Shock
  1577 | D:2      | Reached XP level 4. HP: 23/34 MP: 0/0
  1971 | D:2      | Reached skill level 3 in Dodging
  2772 | D:3      | Noticed Robin
  2969 | D:4      | Found a sand-covered staircase.
  2978 | Ossuary  | Entered an ossuary
  3118 | Ossuary  | Reached XP level 5. HP: 37/40 MP: 0/0
  3118 | Ossuary  | Learned a level 2 spell: Static Discharge
  4151 | Ossuary  | Reached XP level 6. HP: 26/46 MP: 0/0
  4337 | Ossuary  | Reached skill level 4 in Dodging
  4873 | D:3      | Identified the +11 spear of Xofasofo {speed, rC+ Int+4
                  | Dex+5}
  4946 | D:3      | Reached XP level 7. HP: 44/51 MP: 0/0
  4946 | D:3      | Learned a level 2 spell: Corpse Rot
  5041 | D:3      | Killed Robin
  5188 | D:3      | Found a bloodstained altar of Trog.
  5433 | D:3      | Found a runed translucent gate.
  5433 | D:3      | Found a runed translucent gate.
  5433 | D:3      | Found an opulent altar of Gozag.
  5433 | D:3      | Found a runed translucent gate.
  5435 | D:3      | Noticed a3don's ghost (amateur KoWz)
  5574 | D:3      | Noticed Natasha
  5577 | D:3      | Killed Natasha
  5662 | D:3      | Noticed Natasha
  5669 | D:3      | Killed Natasha
  5751 | D:3      | Noticed Natasha
  5757 | D:3      | Killed Natasha
  6170 | D:4      | Reached skill level 5 in Dodging
  6170 | D:4      | Reached XP level 8. HP: 31/58 MP: 0/0
  6413 | D:4      | Noticed Eustachio
  6430 | D:4      | Killed Eustachio
  6738 | D:4      | Reached skill level 5 in Unarmed Combat
  7048 | D:5      | Entered Level 5 of the Dungeon
  7050 | D:5      | Found a hide-covered altar of Uskayaw.
  7072 | D:5      | Reached skill level 5 in Fighting
  7442 | D:5      | Found a shadowy altar of Dithmenos.
  7600 | D:5      | Reached skill level 6 in Dodging
  7600 | D:5      | Reached XP level 9. HP: 49/65 MP: 0/0
  7600 | D:5      | Learned a level 4 spell: Olgreb's Toxic Radiance
  8935 | D:6      | Reached skill level 5 in Spellcasting
  9179 | D:7      | Noticed Maggie
  9197 | D:7      | Reached skill level 7 in Dodging
  9209 | D:7      | Killed Maggie
  9515 | D:7      | Reached XP level 10. HP: 38/75 MP: 0/0
  9810 | D:7      | Found a staircase to the Ecumenical Temple.
  9829 | Temple   | Entered the Ecumenical Temple
  9874 | Temple   | Became a worshipper of Ashenzari the Shackled
 10219 | D:7      | Reached skill level 8 in Dodging
 10449 | D:7      | Noticed a six-headed hydra
 10466 | D:7      | Noticed a two-headed ogre
 10494 | D:8      | Noticed Maurice
 10502 | D:8      | You are sucked into a shaft and drop 1 floor!
 10854 | D:9      | Noticed Psyche
 10863 | D:9      | Paralysed by Psyche for 7 turns
 10873 | D:9      | Killed Psyche
 11498 | D:8      | Found a burning altar of Makhleb.
 11657 | D:6      | Gained mutation: You are occasionally teleported next to
                  | monsters. [potion of mutation]
 11657 | D:6      | Lost mutation: You are occasionally teleported next to
                  | monsters. [potion of mutation]
 11657 | D:6      | Gained mutation: You passively map a small area around you.
                  | [potion of mutation]
 12201 | D:6      | Identified the +1 leather armour "Xuanav" {rC+}
 13032 | D:7      | Killed a two-headed ogre
 13033 | D:7      | Reached XP level 11. HP: 36/81 MP: 0/0
 13033 | D:7      | Learned a level 5 spell: Silence
 13464 | D:8      | Found a sacrificial altar of Ru.
 13476 | D:8      | Noticed Grum
 13486 | D:8      | Killed Grum
 13487 | D:8      | Reached skill level 9 in Dodging
 13740 | D:8      | Killed Maurice
 13965 | D:8      | Found a staircase to the Lair.
 13986 | Lair:1   | Entered Level 1 of the Lair of Beasts
 14408 | Lair:1   | Noticed a five-headed hydra
 14708 | Lair:1   | Killed a five-headed hydra
 14709 | Lair:1   | Reached skill level 10 in Dodging
 15273 | Lair:1   | Reached XP level 12. HP: 74/90 MP: 0/0
 16224 | Lair:2   | Reached skill level 1 in Evocations
 16365 | Lair:2   | Reached * piety under Ashenzari
 16475 | Lair:2   | Noticed a boulder beetle
 16496 | Lair:2   | Killed a boulder beetle
 16497 | Lair:2   | Reached skill level 1 in Stealth
 16788 | Lair:2   | Noticed a boulder beetle
 16817 | Lair:2   | Killed a boulder beetle
 16818 | Lair:2   | Reached skill level 10 in Unarmed Combat
 16842 | Lair:2   | Reached skill level 10 in Fighting
 17449 | Lair:2   | Identified the +1 plate armour "Taannuonn" {Str+3 Int+2}
 17500 | Lair:2   | Reached skill level 11 in Dodging
 18144 | Lair:3   | Noticed a four-headed hydra
 18155 | Lair:3   | Killed a four-headed hydra
 18347 | Lair:3   | Found a hole to the Spider Nest.
 19620 | Lair:3   | Reached XP level 13. HP: 92/99 MP: 0/0
 19620 | Lair:3   | Learned a level 5 spell: Yara's Violent Unravelling
 20801 | Lair:4   | Noticed a catoblepas
 21121 | Lair:4   | HP: 3/99 [catoblepas (19)]
 21123 | Lair:4   | Killed from afar by a catoblepas

Illustrated notes

Levels and vault maps discovered:
D:1:      amcnicky_arrival_double_pillar, layout_rooms,
          shapermc_ecumenical_altar_mp_vishouse
D:2:      layout_basic, serial_bayou, serial_bayou_ford_a,
          serial_bayou_lagoon_a, serial_bayou_pond_e, serial_bayou_shore_a,
          minmay_indecisive_spiral
D:3:      layout_basic, nzn_overflow_gifts_of_might_and_magic,
          ebering_ghost_gozag, grunt_ministairs_15, uniq_robin, uniq_natasha
D:4:      layout_gridville, nicolae_ossuary_entry_ruins, minmay_vboxes,
          uniq_eustachio
D:5:      layout_loops_corners, eat_drink_and_be_merry_uskayaw,
          lemuel_coloured_pillars_altar
D:6:      layout_basic
D:7:      layout_loops_ring, minmay_temple_entry_gardened_gates, minivault_14,
          minmay_misc_feat_iff, st_stairs_6, minmay_small_thing, uniq_maggie
D:8:      layout_basic, mainiacjoe_overflow_divided_tiny, demons_altar,
          mainiacjoe_overflow_brackets, serial_curves, eino_curves_04,
          eino_curves_03, minmay_tree_intersection, uniq_grum, uniq_maurice,
          uniq_harold
D:9:      layout_basic, special_room [special_room_kobold],
          hellmonk_guarded_unrand_gong, uniq_prince_ribbit1, uniq_psyche
Temple:   jpeg_temple_clearing
Lair:1:   layout_hall_layers
Lair:2:   layout_layer_cave, chequers_serial_rivers_micro_d, grunt_megastairs_1
Lair:3:   layout_cave_pods, spider_nest_entry_web_field, st_stairs_9,
          chequers_serial_rivers_micro_e
Lair:4:   layout_cave_pods, minmay_shoals_entry_lonely_mermaid,
          grunt_megastairs_3

Skill      XL: |  1  2  3  4  5  6  7  8  9 10 11 12 13 |
---------------+----------------------------------------+-----
Dodging        | 3 4 5 6 7 8 10 11 | 11.4
Spellcasting   | 3 4 5 6 7 8 |  8.3
Unarmed Combat | 3 4 5 7 8 9 10 | 10.5
Fighting       | 3 4 5 7 8 9 10 | 10.5
Evocations     | 3 |  3.9
Stealth        | 2 3 |  3.2
Throwing       | |  0.7
Armour         | |  1.0

Action                   |  1- 3 |  4- 6 |  7- 9 | 10-12 | 13-15 || total
-------------------------+-------+-------+-------+-------+-------++-------
Melee: Unarmed           |   119 |    29 |       |       |       ||   148
       Punch             |     1 |     1 |    13 |    40 |     6 ||    61
       Spear             |       |     6 |   299 |   608 |    98 ||  1011
Throw: Boomerang         |       |       |     5 |     9 |       ||    14
       Dart              |       |       |     3 |     8 |       ||    11
 Cast: Shock             |    13 |   197 |       |     1 |       ||   211
       Manifold Assault  |       |       |       |    33 |    22 ||    55
       Olgreb's Toxic Ra |       |       |       |    17 |     1 ||    18
       Corpse Rot        |       |       |       |     1 |       ||     1
       Blink             |       |       |       |       |     1 ||     1
Invok: Curse Item        |       |       |       |     2 |       ||     2
Evoke: Wand              |       |       |       |    37 |     2 ||    39
  Use: Scroll            |       |     4 |    12 |     8 |     2 ||    26
       Potion            |       |       |     2 |    12 |       ||    14
 Stab: Sleeping          |       |       |     2 |     2 |     1 ||     5
       Invisible         |       |       |       |     2 |       ||     2
Armor: Leather armour    |    36 |    27 |    50 |    78 |     5 ||   196
       Skin              |       |       |       |    24 |       ||    24
Dodge: Dodged            |    63 |    64 |   159 |   386 |    53 ||   725

Table legend: (Time is in decaauts)
 A = Elapsed time spent in this place.
 B = Non-inter-level travel time spent in this place.
 C = Inter-level travel time spent in this place.
 D = Time resting spent in this place.
 E = Time spent auto-exploring this place.
 F = Levels seen in this place.
 G = Mean time per level.
                   A        B        C        D        E       F      G
               +--------+--------+--------+--------+--------+-----+--------+
         Total |  20876 |  20440 |    436 |   6800 |   9459 |  15 | 1391.7 |
       Dungeon |  12232 |  11899 |    333 |   3210 |   6136 |   9 | 1359.1 |
        Temple |     61 |     45 |     16 |      0 |     29 |   1 |   61.0 |
          Lair |   7032 |   6946 |     86 |   2556 |   3282 |   4 | 1758.0 |
       Ossuary |   1550 |   1550 |      0 |   1033 |     12 |   1 | 1550.0 |
               +--------+--------+--------+--------+--------+-----+--------+

Top non-repeatable levels by time:
  Lair:3: 2372 daAuts
  Lair:1: 2104 daAuts
  Lair:2: 1983 daAuts
     D:5: 1830 daAuts
     D:7: 1749 daAuts
     D:2: 1584 daAuts
 Ossuary: 1550 daAuts
     D:3: 1496 daAuts
     D:6: 1482 daAuts
     D:1: 1216 daAuts
     D:4: 1171 daAuts
     D:8: 946 daAuts
     D:9: 754 daAuts
  Lair:4: 572 daAuts
  Temple: 61 daAuts
